AAA EAST
LEHIGH VALLEY IRONPIGS @ ALTOONA CURVE
05/30/2042
 
TOP OF THE 1ST
Lehigh Valley IronPigs batting - Pitching for Altoona Curve : LHP Dan Horton
Pitching: LHP Dan Horton
Batting: RHB Bo McCall 0-0: Swinging Strike
0-1: Foul Ball, location: 2F
0-2: Strikes out swinging
Batting: RHB Kawsen Al-Sadat 0-0: Fly out, F8 (Flyball, 8RD, EV 98.8 MPH)
Batting: LHB Noel Sullivan 0-0: Called Strike
0-1: Fly out, F8 (Flyball, 89XD, EV 93.8 MPH)
Top of the 1st over - 0 runs, 0 hits, 0 errors, 0 left on base; Lehigh Valley 0 - Altoona 0
BOTTOM OF THE 1ST
Altoona Curve batting - Pitching for Lehigh Valley IronPigs : LHP Donnie Lucas
Pitching: LHP Donnie Lucas
Batting: LHB Dave Calhoun 0-0: Ball
1-0: Called Strike
1-1: Ball
2-1: Ground out 6-3 (Groundball, 6, EV 82.5 MPH)
Batting: RHB Billy Hess 0-0: Ball
1-0: Foul Ball, location: 23F
1-1: Ground out 5-3 (Groundball, 56S, EV 82.5 MPH)
Batting: LHB Rich Herbert 0-0: Ball
1-0: Ball
2-0: Ball
3-0: Base on Balls
Batting: RHB Kevin Williams 0-0: Called Strike
0-1: Foul Ball, location: 23F
0-2: Ball
1-2: Strikes out swinging
Bottom of the 1st over - 0 runs, 0 hits, 0 errors, 1 left on base; Lehigh Valley 0 - Altoona 0
TOP OF THE 2ND
Lehigh Valley IronPigs batting - Pitching for Altoona Curve : LHP Dan Horton
Batting: LHB Tim McCall 0-0: Ball
1-0: SINGLE (Line Drive, 6MD, EV 98.8 MPH)
Batting: LHB Don Ross 0-0: Ball
1-0: Ball
2-0: Foul Ball, location: 7LSF
2-1: Swinging Strike
2-2: Strikes out swinging
Batting: RHB José Valdéz 0-0: DOUBLE (Flyball, 8RXD, EV 99.4 MPH)
Tim McCall to third
Runner from 3rd tries for Home, throw by CF and OUT! 8-4-2
José Valdéz to third
Batting: LHB Tim Thomas 0-0: Swinging Strike
0-1: Swinging Strike
0-2: Ball
1-2: Strikes out swinging
Top of the 2nd over - 0 runs, 2 hits, 0 errors, 1 left on base; Lehigh Valley 0 - Altoona 0
BOTTOM OF THE 2ND
Altoona Curve batting - Pitching for Lehigh Valley IronPigs : LHP Donnie Lucas
Batting: LHB Sean Lund 0-0: Called Strike
0-1: Called Strike
0-2: Strikes out swinging
Batting: RHB Pepe Bañuelos 0-0: Ball
1-0: Ball
2-0: Called Strike
2-1: Called Strike
2-2: Foul Ball, location: 2F
2-2: Foul Ball, location: 7LDF
2-2: Ball
3-2: Strikes out swinging
Batting: RHB Manny Quintana 0-0: Ball
1-0: Foul Ball, location: 2F
1-1: SINGLE (Line Drive, 4M, EV 101.9 MPH)
Batting: LHB Carl Reader 0-0: Ball
1-0: Swinging Strike
1-1: Foul Ball, location: 5F
1-2: Foul Ball, location: 3F
1-2: Ground out U3 (Groundball, 3S, EV 70.0 MPH)
Bottom of the 2nd over - 0 runs, 1 hit, 0 errors, 1 left on base; Lehigh Valley 0 - Altoona 0
TOP OF THE 3RD
Lehigh Valley IronPigs batting - Pitching for Altoona Curve : LHP Dan Horton
Batting: LHB José Velasco 0-0: Called Strike
0-1: Ball
1-1: Ball
2-1: Ball
3-1: Called Strike
3-2: Base on Balls
Batting: RHB Norberto Herrera 0-0: Ball
1-0: Ball
2-0: Bunt missed!
2-1: Bunted foul
2-2: Foul Ball, location: 23F
2-2: SINGLE (Groundball, 4MD, EV 101.9 MPH)
José Velasco to second
Batting: RHB Bo McCall 0-0: Ball
1-0: Ball
2-0: Ball
3-0: Base on Balls
José Velasco to third
Norberto Herrera to second
Batting: RHB Kawsen Al-Sadat 0-0: Foul Ball, location: 2F
0-1: Ball
1-1: Called Strike
1-2: Ball
2-2: Foul Ball, location: 3DF
2-2: Ball
3-2: Base on Balls
José Velasco scores
Norberto Herrera to third
Bo McCall to second
Batting: LHB Noel Sullivan 0-0: Called Strike
0-1: Called Strike
0-2: Ball
1-2: Foul Ball, location: 2F
1-2: Foul Ball, location: 3F
1-2: Hit by Pitch
Norberto Herrera scores
Bo McCall to third
Kawsen Al-Sadat to second
Batting: LHB Tim McCall 0-0: Grounds into double play, 3-6-3 (Groundball, 3, EV 86.9 MPH)
Bo McCall scores
Kawsen Al-Sadat to third
Batting: LHB Don Ross 0-0: Ball
1-0: Fly out, F4 (Line Drive, 4, EV 73.8 MPH)
Top of the 3rd over - 3 runs, 1 hit, 0 errors, 1 left on base; Lehigh Valley 3 - Altoona 0
BOTTOM OF THE 3RD
Altoona Curve batting - Pitching for Lehigh Valley IronPigs : LHP Donnie Lucas
Batting: RHB Joe Brown 0-0: Ground out U3 (Groundball, 34, EV 88.8 MPH)
Batting: LHB Dave Calhoun 0-0: Ball
1-0: Ball
2-0: Ball
3-0: Called Strike
3-1: Fly out, F7 (Flyball, 78M, EV 89.4 MPH)
Batting: RHB Billy Hess 0-0: Ball
1-0: Ground out 6-3 (Groundball, 56, EV 88.8 MPH)
Bottom of the 3rd over - 0 runs, 0 hits, 0 errors, 0 left on base; Lehigh Valley 3 - Altoona 0
TOP OF THE 4TH
Lehigh Valley IronPigs batting - Pitching for Altoona Curve : LHP Dan Horton
Batting: RHB José Valdéz 0-0: Ball
1-0: Fly out, F8 (Flyball, 89XD, EV 96.9 MPH)
Batting: LHB Tim Thomas 0-0: Ball
1-0: Called Strike
1-1: Fly out, F8 (Line Drive, 8LM, EV 90.6 MPH)
Batting: LHB José Velasco 0-0: Foul Ball, location: 9LDF
0-1: Ball
1-1: Foul Ball, location: 23FF
1-2: Foul Ball, location: 2F
1-2: Strikes out swinging
Top of the 4th over - 0 runs, 0 hits, 0 errors, 0 left on base; Lehigh Valley 3 - Altoona 0
BOTTOM OF THE 4TH
Altoona Curve batting - Pitching for Lehigh Valley IronPigs : LHP Donnie Lucas
Batting: LHB Rich Herbert 0-0: Swinging Strike
0-1: Foul Ball, location: 7LDF
0-2: Ball
1-2: Strikes out swinging
Batting: RHB Kevin Williams 0-0: Ball
1-0: DOUBLE (Groundball, 5L, EV 101.3 MPH)
Batting: LHB Sean Lund 0-0: Ball
1-0: Ground out U3 (Groundball, 3, EV 75.0 MPH)
Kevin Williams to third
Batting: RHB Pepe Bañuelos 0-0: Foul Ball, location: 2F
0-1: Ground out 4-3 (Groundball, 4S, EV 88.1 MPH)
Bottom of the 4th over - 0 runs, 1 hit, 0 errors, 1 left on base; Lehigh Valley 3 - Altoona 0
TOP OF THE 5TH
Lehigh Valley IronPigs batting - Pitching for Altoona Curve : LHP Dan Horton
Batting: RHB Norberto Herrera 0-0: Ball
1-0: SINGLE (Groundball, 34D, EV 105.6 MPH)
Batting: RHB Bo McCall 0-0: Called Strike
0-1: Sac Bunt to 2R - play at first, batter OUT! 2-3
Norberto Herrera to second
Batting: RHB Kawsen Al-Sadat 0-0: Called Strike
0-1: Ball
1-1: Called Strike
1-2: Ball
2-2: Ball
3-2: Base on Balls
Batting: LHB Noel Sullivan 0-0: Ball
1-0: Fly out, F9 (Flyball, 9, EV 81.3 MPH)
Batting: LHB Tim McCall 0-0: Foul Ball, location: 2F
0-1: Ball
1-1: Swinging Strike
1-2: Fly out, F8 (Flyball, 78M, EV 83.8 MPH)
Top of the 5th over - 0 runs, 1 hit, 0 errors, 2 left on base; Lehigh Valley 3 - Altoona 0
BOTTOM OF THE 5TH
Altoona Curve batting - Pitching for Lehigh Valley IronPigs : LHP Donnie Lucas
Batting: RHB Manny Quintana 0-0: Foul Ball, location: 5F
0-1: Called Strike
0-2: Ball
1-2: Strikes out swinging
Batting: LHB Carl Reader 0-0: Called Strike
0-1: Ball
1-1: Ball
2-1: Fly out, F8 (Flyball, 78M, EV 87.5 MPH)
Batting: RHB Joe Brown 0-0: Foul Ball, location: 9LDF
0-1: Ball
1-1: Ground out 4-3 (Groundball, 34, EV 79.4 MPH)
Bottom of the 5th over - 0 runs, 0 hits, 0 errors, 0 left on base; Lehigh Valley 3 - Altoona 0
TOP OF THE 6TH
Lehigh Valley IronPigs batting - Pitching for Altoona Curve : LHP Dan Horton
Batting: LHB Don Ross 0-0: Called Strike
0-1: Ball
1-1: Ball
2-1: Ground out U3 (Groundball, 3L, EV 84.4 MPH)
Batting: RHB José Valdéz 0-0: Ball
1-0: Ground out 3-1 (Groundball, 34S, EV 86.9 MPH)
Batting: LHB Tim Thomas 0-0: Ball
1-0: Ball
2-0: Called Strike
2-1: Reached on error, E3 (Groundball, 34S, EV 88.1 MPH)
Batting: LHB José Velasco 0-0: Ball
1-0: Swinging Strike
1-1: Ball
2-1: Swinging Strike
2-2: Ball
3-2: Ground out U3 (Groundball, 3, EV 105.6 MPH)
Top of the 6th over - 0 runs, 0 hits, 1 error, 1 left on base; Lehigh Valley 3 - Altoona 0
BOTTOM OF THE 6TH
Altoona Curve batting - Pitching for Lehigh Valley IronPigs : LHP Donnie Lucas
Batting: LHB Dave Calhoun 0-0: Ball
1-0: Foul Ball, location: 2F
1-1: Foul Ball, location: 2F
1-2: Ball
2-2: Foul Ball, location: 2F
2-2: Foul Ball, location: 2F
2-2: Ball
3-2: Strikes out swinging
Batting: RHB Billy Hess 0-0: Ball
1-0: Swinging Strike
1-1: Ground out 4-3 (Groundball, 4M, EV 85.6 MPH)
Batting: LHB Rich Herbert 0-0: Ball
1-0: Foul Ball, location: 3FF
1-1: Ball
2-1: Swinging Strike
2-2: Ground out 4-3 (Groundball, 4S, EV 92.5 MPH)
Bottom of the 6th over - 0 runs, 0 hits, 0 errors, 0 left on base; Lehigh Valley 3 - Altoona 0
TOP OF THE 7TH
Lehigh Valley IronPigs batting - Pitching for Altoona Curve : LHP Dan Horton
Batting: RHB Norberto Herrera 0-0: Ground out 6-3 (Groundball, P, EV 88.1 MPH)
Batting: RHB Bo McCall 0-0: Ball
1-0: Ball
2-0: Ball
3-0: Called Strike
3-1: SINGLE (Line Drive, 78S, EV 97.5 MPH)
Batting: RHB Kawsen Al-Sadat 0-0: Ball
1-0: Fielders Choice at 2nd, 5-4 (Groundball, 56S, EV 89.4 MPH)
Batting: LHB Noel Sullivan 0-0: Called Strike
0-1: Fly out, F9 (Flyball, 9, EV 90.0 MPH)
Top of the 7th over - 0 runs, 1 hit, 0 errors, 1 left on base; Lehigh Valley 3 - Altoona 0
BOTTOM OF THE 7TH
Altoona Curve batting - Pitching for Lehigh Valley IronPigs : LHP Donnie Lucas
Batting: RHB Kevin Williams 0-0: Foul Ball, location: 2F
0-1: Foul Ball, location: 23FF
0-2: Ball
1-2: Ball
2-2: Ball
3-2: Base on Balls
Batting: LHB Sean Lund 0-0: Ball
Wild Pitch!
Kevin Williams to second
1-0: Ball
2-0: Foul Ball, location: 2F
2-1: Foul Ball, location: 2F
2-2: Ball
3-2: Foul Ball, location: 7LSF
3-2: Base on Balls
Batting: RHB Pepe Bañuelos 0-0: Called Strike
0-1: Ball
1-1: DOUBLE (Flyball, 8LXD, EV 105.0 MPH)
Kevin Williams scores
Sean Lund to third
Runner from 3rd tries for Home, SAFE, throw by CF to home
Batting: RHB Manny Quintana 0-0: Ball
1-0: Ball
2-0: Ball
3-0: Called Strike
3-1: Base on Balls
Pitching: LHP César Castro
Pinch Hitting: RHB Kevin Bauer 0-0: DOUBLE (Line Drive, 7LM, EV 100.0 MPH)
Pepe Bañuelos scores
Manny Quintana to third
Batting: RHB Joe Brown 0-0: Called Strike
0-1: Swinging Strike
0-2: Ball
1-2: Strikes out looking
Batting: LHB Dave Calhoun 0-0: Ball
1-0: Foul Ball, location: 7LSF
1-1: Ball
2-1: Foul Ball, location: 25FF
2-2: Foul Ball, location: 2F
2-2: Ball
3-2: Strikes out swinging
Batting: RHB Billy Hess 0-0: Called Strike
0-1: Ball
1-1: Ball
2-1: Ball
3-1: Base on Balls
Batting: RHB Pancho Romano 0-0: Called Strike
0-1: Called Strike
0-2: Strikes out looking
Bottom of the 7th over - 3 runs, 2 hits, 0 errors, 3 left on base; Lehigh Valley 3 - Altoona 3
TOP OF THE 8TH
Lehigh Valley IronPigs batting - Pitching for Altoona Curve : LHP Dan Horton
Now at 1B: Pepe Bañuelos
Now at 2B: Kevin Bauer
Now at SS: Manny Quintana
Pinch Hitting: RHB Rusty Miller 0-0: Foul Ball, location: 2F
0-1: Fly out, F7 (Flyball, 7, EV 100.6 MPH)
Batting: LHB Don Ross 0-0: Ball
1-0: Ball
2-0: Called Strike
2-1: Foul Ball, location: 2F
2-2: Ball
3-2: Ground out 4-3 (Groundball, 34, EV 99.4 MPH)
Batting: RHB José Valdéz 0-0: Foul Ball, location: 2F
0-1: Ball
1-1: DOUBLE (Flyball, 8RXD, EV 91.9 MPH)
Pitching: LHP Ian Barker
Batting: RHB José López 0-0: Ball
1-0: Ball
2-0: Ball
3-0: Called Strike
3-1: Base on Balls
Pinch Hitting: RHB Jeremy Mitchell 0-0: Foul Ball, location: 5FF
0-1: Swinging Strike
0-2: Ball
1-2: Strikes out swinging
Top of the 8th over - 0 runs, 1 hit, 0 errors, 2 left on base; Lehigh Valley 3 - Altoona 3
BOTTOM OF THE 8TH
Altoona Curve batting - Pitching for Lehigh Valley IronPigs : LHP César Castro
Now at 3B: Jeremy Mitchell
Now in RF: Jorge Costa
Batting: RHB Kevin Williams 0-0: Foul Ball, location: 9LMF
0-1: Called Strike
0-2: DOUBLE (Line Drive, 9LM, EV 91.9 MPH)
Batting: LHB Sean Lund 0-0: Called Strike
0-1: Ball
1-1: Fly out, F4 (Popup, 4, EV 56.9 MPH)
Batting: RHB Pepe Bañuelos 0-0: Ball
Kevin Williams steals 3rd, throwing error, E2
Kevin Williams to third
1-0: DOUBLE (Groundball, 3L, EV 105.6 MPH)
Kevin Williams scores
Batting: RHB Manny Quintana 0-0: Foul Ball, location: 9LSF
0-1: Ball
1-1: Foul Ball, location: 2F
1-2: Ball
2-2: Ball
3-2: Ground out 6-3 (Groundball, 6, EV 83.1 MPH)
Batting: RHB Kevin Bauer 0-0: Foul Ball, location: 2F
0-1: SINGLE (Line Drive, 34D, EV 95.0 MPH)
Pepe Bañuelos to third
Runner from 3rd tries for Home, SAFE, throw by RF to home
Kevin Bauer to second
Batting: RHB Joe Brown 0-0: Called Strike
0-1: Swinging Strike
0-2: Strikes out swinging
Bottom of the 8th over - 2 runs, 3 hits, 1 error, 1 left on base; Lehigh Valley 3 - Altoona 5
TOP OF THE 9TH
Lehigh Valley IronPigs batting - Pitching for Altoona Curve : LHP Ian Barker
Pitching: RHP Curt Watson
Pinch Hitting: LHB Pepe González 0-0: Called Strike
0-1: Called Strike
0-2: Strikes out looking
Batting: RHB Bo McCall 0-0: Ball
1-0: Ball
2-0: Ball
3-0: Base on Balls
Batting: RHB Kawsen Al-Sadat 0-0: Foul Ball, location: 5FF
0-1: Ball
1-1: Fly out, F8 (Flyball, 8RD, EV 90.6 MPH)
Batting: LHB Noel Sullivan 0-0: Called Strike
0-1: Swinging Strike
0-2: Foul Ball, location: 2F
0-2: Ball
1-2: Fly out, F9 (Flyball, 89D, EV 106.3 MPH)
Top of the 9th over - 0 runs, 0 hits, 0 errors, 1 left on base; Lehigh Valley 3 - Altoona 5
Wednesday, May 1st , 2024 - OOTP Baseball 24.10 Build 82